 Dungeon Crawl Stone Soup version 0.17.0-1-g61d176b (webtiles) character file.

2680 dorian the Distorting Demonspawn (level 9, -3/63 HPs)
             Began as a Demonspawn Abyssal Knight on Nov 7, 2015.
             Was a Believer of Lugonu.
             Slain by an ogre
             ... wielding a +0 giant club
              (17 damage)
             ... on level 8 of the Dungeon.
             The game lasted 00:23:04 (8409 turns).

dorian the Distorting Demonspawn (DsAK)             Turns: 8409, Time: 00:23:04

Health: -3/63      AC: 11    Str: 13    XL:     9   Next: 37%
Magic:  0/16       EV: 13    Int: 21    God:    Lugonu [**....]
Gold:   308        SH:  0    Dex: 16    Spells: 0 memorised, 8 levels left

rFire  + . .     SeeInvis .     j - +2 mace (protect)
rCold  . . .     Rnd*Rage +     b - +0 leather armour
rNeg   . . .     SustAt   .     (no shield)
rPois  .         Gourm    .     n - +1 helmet
rElec  .         Spirit   .     (no cloak)
rCorr  .         Warding  .     u - +0 pair of gloves
rMut   .         Stasis   .     (no boots)
MR     .....                    q - amulet of faith
Stlth  ++++......               (no ring)
                                l - +2 ring of intelligence

@: not resistant to hostile enchantments, stealthy
A: claws 1, thin skeletal structure 2, berserk 2, clever 1, fire resistance 1,
nightstalker 2, regeneration 1, screaming 1, MP-powered wands
a: Depart the Abyss, Bend Space, Renounce Religion


You were on level 8 of the Dungeon.
You worshipped Lugonu.
Lugonu was pleased with you.
You were hungry.

You visited 1 branch of the dungeon, and saw 8 of its levels.
You visited the Abyss 1 time.

You collected 308 gold pieces.

Inventory:

Hand Weapons
 a - a +1 mace
 d - a +0 dagger of venom
 i - a +0 spear of freezing
 j - a +2 mace of protection (weapon)
 k - a +2 mace of holy wrath
 x - a +0 blowgun
 J - a +0 morningstar
 Q - a +0 rapier
Missiles
 y - 23 poisoned needles
Armour
 b - a +0 leather armour (worn)
 n - a +1 helmet (worn)
 u - a +0 pair of gloves (worn)
Rods
 e - a +0 lightning rod (14/14)
   (You found it on level 7 of the Dungeon)
 E - a +1 rod of inaccuracy (12/12)
   (You found it on level 4 of the Dungeon)
Jewellery
 l - a +2 ring of intelligence (left hand)
 q - an amulet of faith (around neck)
 C - an uncursed ring of flight
 N - an uncursed ring of ice
 O - an uncursed amulet of guardian spirit
Wands
 M - a wand of random effects (28)
Scrolls
 f - 3 scrolls of teleportation
 g - 3 scrolls of amnesia {unknown}
 m - a scroll of blinking {unknown}
 o - 3 scrolls of recharging {unknown}
 r - a scroll of fog {unknown}
 s - 4 scrolls of identify
 t - 2 scrolls of fear {unknown}
 w - a scroll of magic mapping {unknown}
 A - 2 scrolls of remove curse {unknown}
 H - 2 scrolls of enchant armour {unknown}
 P - a scroll of immolation {unknown}
 R - a scroll of enchant weapon {unknown}
Potions
 h - a potion of curing
 v - a potion of agility
 z - a potion of haste
 B - a potion of flight
Books
 L - a book of Changes

   Spells                             Type                      Level
   a - Beastly Appendage              Transmutation                1
   b - Sticks to Snakes               Transmutation                2
   c - Spider Form                    Transmutation/Poison         3
   d - Ice Form                       Ice/Transmutation            4
   e - Blade Hands                    Transmutation                5
Comestibles
 c - 2 bread rations
 p - 3 chunks of flesh
 D - 3 meat rations
 K - 2 fruits


   Skills:
 - Level 3.0 Fighting
 + Level 8.2 Maces & Flails
 + Level 4.0 Armour
 + Level 3.4 Dodging
 - Level 10.1 Invocations


You had 8 spell levels left.
You didn't know any spells.

Dungeon Overview and Level Annotations

Branches:
Dungeon (8/15)             Temple (0/1) D:5
   Lair: D:8-11

Altars:
Ashenzari
Elyvilon
Fedhas
Gozag
Ru
Sif Muna
Trog
Xom
Yredelemnul
Zin

Shops:
D:4 (

Annotations:
Abyss:1 Grinder


Innate Abilities, Weirdness & Mutations

You have sharp fingernails.
You have a moderately thin skeletal structure (Dex +4, Stealth+).
You are significantly more attuned to the shadows.
You often lose your temper in combat.
Your mind is acute. (Int +2)
Your flesh is heat resistant.
Your natural rate of healing is unusually fast.
You occasionally shout uncontrollably at your foes.
You expend magic power (3 MP) to strengthen your wands.


Message History

The centaur shoots an arrow of frost.
The arrow of frost hits you but does no damage.
The arrow of frost freezes you.
Press: ? - help, Shift-Dir - straight line, f/p - centaur
Aim: a centaur, wielding a shortbow (chance to defeat MR: 86%)
The centaur is devoured by a tear in reality.
Lugonu claims a new guest.
You feel somewhat more hungry. The ogre hits you with a giant club.
Press: ? - help, Shift-Dir - straight line, f - ogre
Aim: an ogre, wielding a giant club (chance to defeat MR: 86%)
The ogre barely resists.
You feel somewhat more hungry. The ogre hits you with a giant club!
* * * LOW HITPOINT WARNING * * *
Press: ? - help, Shift-Dir - straight line, f/p - ogre
Aim: an ogre, wielding a giant club (chance to defeat MR: 86%)
The ogre barely resists.
You are feeling hungry.
You can no longer banish your foes.
The ogre hits you with a giant club!
You die...

..(...............
(.................
^###.........#####.
≈≈.§............#
≈≈##............#
§..^..######....#
.....#...########
######........
#.@.....§ ###O....§
#....§§ #......
#######


You could see an ogre.

Vanquished Creatures
  A sky beast (D:7)
  An ice beast (D:5)
  A necrophage (D:8)
  A giant frog (D:6)
  The ghost of dysrexia the Caller, an amateur FeSu (D:4)
  2 scorpions (D:7)
  8 killer bees
  3 crimson imps
  A quasit (D:8)
  A hound (D:6)
  4 orc priests
  2 jellies
  5 worker ants
  2 giant frog skeletons
  2 iguanas
  9 orc wizards
  A hound skeleton (D:5)
  9 adders
  6 gnolls
  2 shadow imps
  A worm (D:2)
  35 orcs
  3 giant cockroaches
  10 hobgoblins
  6 jackals
  A ball python (D:2)
  6 bats (D:1)
  3 giant geckos
  3 giant newts
  12 goblins
  7 kobolds
  4 quokkas
  8 rats
161 creatures vanquished.

Vanquished Creatures (others)
  A wyvern (D:7)
  A necrophage (D:8)
  A centaur (D:8)
  3 orc warriors
  A gnoll sergeant (D:7)
  A scorpion (D:5)
  2 killer bees (D:7)
  5 orc priests
  3 orc wizards
  A worker ant (D:7)
  3 gnolls
22 creatures vanquished.

Grand Total: 183 creatures vanquished

Notes
Turn   | Place    | Note
--------------------------------------------------------------
     0 | Abyss:1  | dorian the Demonspawn Abyssal Knight began the quest for the Orb.
     0 | Abyss:1  | Reached XP level 1. HP: 18/18 MP: 2/2
    22 | D:1      | Escaped the Abyss
   126 | D:1      | Gained mutation: You are slightly more attuned to the shadows. [demonic ancestry]
   126 | D:1      | Reached XP level 2. HP: 24/24 MP: 2/4
   385 | D:1      | Reached ** piety under Lugonu
   841 | D:1      | Gained mutation: You have a somewhat thin skeletal structure (Dex +2, Stealth). [demonic ancestry]
   841 | D:1      | Reached XP level 3. HP: 20/29 MP: 5/5
  1117 | D:2      | Found a deep blue altar of Sif Muna.
  1230 | D:2      | Reached skill level 4 in Invocations
  1316 | D:2      | Found a blossoming altar of Fedhas.
  1323 | D:2      | Found a sacrificial altar of Ru.
  1326 | D:2      | Found a bloodstained altar of Trog.
  1327 | D:2      | Found a shimmering altar of Xom.
  1586 | D:2      | Gained mutation: You are significantly more attuned to the shadows. [demonic ancestry]
  1586 | D:2      | Reached XP level 4. HP: 21/35 MP: 7/7
  1953 | D:3      | Found a basalt altar of Yredelemnul.
  2021 | D:3      | Reached skill level 5 in Invocations
  2025 | D:3      | Found a white marble altar of Elyvilon.
  2195 | D:3      | Reached XP level 5. HP: 41/41 MP: 8/8
  2214 | D:3      | Reached *** piety under Lugonu
  2346 | D:3      | Noticed Grinder
  2352 | D:3      | Banished Grinder
  2585 | D:4      | Noticed dysrexia's ghost (amateur FeSu)
  2592 | D:4      | Killed dysrexia's ghost
  2592 | D:4      | Reached skill level 6 in Invocations
  2592 | D:4      | Reached XP level 6. HP: 40/47 MP: 10/10
  2698 | D:4      | Found Qerisim's Antique Weapon Shoppe.
  3079 | D:5      | Entered Level 5 of the Dungeon
  3124 | D:5      | Reached skill level 7 in Invocations
  3423 | D:5      | Reached skill level 5 in Maces & Flails
  3447 | D:5      | Gained mutation: You have a moderately thin skeletal structure (Dex +4, Stealth+). [demonic ancestry]
  3447 | D:5      | Reached XP level 7. HP: 22/52 MP: 12/12
  3834 | D:5      | Found a staircase to the Ecumenical Temple.
  4255 | D:6      | Reached skill level 8 in Invocations
  5227 | D:6      | Reached XP level 8. HP: 58/58 MP: 14/14
  5237 | D:6      | Found a glowing silver altar of Zin.
  5237 | D:6      | Found an opulent altar of Gozag.
  5250 | D:6      | Reached skill level 9 in Invocations
  6224 | D:6      | Gained mutation: Your mind is acute. (Int +2) [potion of mutation]
  6224 | D:6      | Gained mutation: You tend to lose your temper in combat. [potion of mutation]
  6224 | D:6      | Gained mutation: You occasionally shout uncontrollably at your foes. [potion of mutation]
  6225 | D:6      | Gained mutation: Your natural rate of healing is unusually fast. [potion of mutation]
  6225 | D:6      | Gained mutation: You often lose your temper in combat. [potion of mutation]
  6639 | D:7      | Reached skill level 10 in Invocations
  6909 | D:6      | Identified a +1 rod of inaccuracy (12/12) (You found it on level 4 of the Dungeon)
  6927 | D:7      | Reached skill level 1 in Dodging
  7086 | D:7      | Gained mutation: You expend magic power (3 MP) to strengthen your wands. [potion of mutation]
  7086 | D:7      | Gained mutation: Your flesh is heat resistant. [potion of mutation]
  7594 | D:8      | Gained mutation: You have sharp fingernails. [demonic ancestry]
  7594 | D:8      | Reached XP level 9. HP: 57/63 MP: 11/16
  8129 | D:8      | Found a shattered altar of Ashenzari.
  8409 | D:8      | Slain by an ogre

Action                   |  1- 3 |  4- 6 |  7- 9 || total
-------------------------+-------+-------+-------++-------
Melee: Mace              |   135 |   168 |   406 ||   709
       Spear             |    14 |       |       ||    14
Invok: Banish            |       |     2 |    27 ||    29
Evoke: Rod               |       |       |     6 ||     6
  Use: Potion            |       |       |    14 ||    14
       Scroll            |       |       |     2 ||     2
 Stab: Sleeping          |     9 |     8 |     2 ||    19
       Distracted        |       |       |     3 ||     3
  Eat: Chunk             |     2 |     5 |    21 ||    28
       Beef jerky        |       |     1 |     2 ||     3
       Fruit             |       |       |     3 ||     3
       Bread ration      |       |       |     1 ||     1
